 Dungeon Crawl Stone Soup version 0.20.0-7-g3b7b877 (webtiles) character file.

14639 Rrauwl the Soothsayer (level 12, -5/77 HPs)
             Began as a Halfling Assassin on May 29, 2017.
             Was a Priest of Nemelex Xobeh.
             Killed from afar by an ice statue (7 damage)
             ... with a bolt of cold
             ... in an ice cave.
             The game lasted 01:05:10 (12390 turns).

Rrauwl the Soothsayer (Halfling Assassin)          Turns: 12390, Time: 01:05:10

Health: -5/77      AC: 11    Str: 16    XL:     12   Next: 47%
Magic:  19/19      EV: 23    Int:  9    God:    Nemelex Xobeh [***...]
Gold:   596        SH:  8    Dex: 17    Spells: 11/11 levels left

rFire    + + .     SeeInvis .   u - +11 whip of Untimely Demise {venom, rPois rF+ rN+}
rCold    + + .     Gourm    .   m - +0 buckler
rNeg     + . .     Faith    .   J - +2 ring mail {rC+}
rPois    +         Spirit   .   G - +0 helmet
rElec    .         Reflect  .   L - scarf {rC+ rF+}
rCorr    .         Harm     .   y - +0 pair of gloves
MR       .....                  (no boots)
Stlth    ++........             P - amulet of magic regeneration
Regen    0.3/turn               d - +5 ring of evasion
MPRegen  0.3/turn               N - ring of poison resistance

@: no status effects
A: mutation resistance 1
a: Triple Draw, Renounce Religion


You were in an ice cave.
You worshipped Nemelex Xobeh.
Nemelex Xobeh was most pleased with you.
You were hungry.

You visited 3 branches of the dungeon, and saw 14 of its levels.
You also visited: Ice Cave.

You collected 622 gold pieces.
You spent 26 gold pieces at shops.

Inventory:

Hand Weapons
 a - a +0 war axe
 b - a +0 hunting sling
 c - a +1 blowgun
 u - the +11 whip of Untimely Demise (weapon) {venom, rPois rF+ rN+}
   (You found it in an ice cave)

   It poisons the flesh of those it strikes.
   It protects you from fire.
   It protects you from poison.
   It protects you from negative energy.
Missiles
 e - 52 poisoned needles
 f - 4 curare-tipped needles
 h - 241 stones
 r - 81 sling bullets
 E - 3 exploding tomahawks (quivered)
Armour
 m - a +0 buckler (worn)
 y - a +0 pair of gloves (worn)
 G - a +0 helmet (worn)
 J - a +2 ring mail of cold resistance (worn)
 L - a scarf of resistance (worn)
Jewellery
 d - a +5 ring of evasion (left hand)
 v - an uncursed ring of see invisible
 N - a ring of poison resistance (right hand)
 P - an amulet of magic regeneration (around neck)
Wands
 l - a wand of scattershot (0/9)
 t - a wand of iceblast (3/15)
 F - a wand of paralysis (12/24)
 M - a wand of lightning (8/15)
Scrolls
 i - 2 scrolls of fog
 k - a scroll of identify
 n - 4 scrolls of enchant weapon
 p - 2 scrolls of teleportation
 q - a scroll of remove curse
 s - 4 scrolls of amnesia
 O - a scroll of enchant armour
Potions
 j - 3 potions of magic
 x - a potion of curing
 D - 2 potions of flight
Miscellaneous
 o - a plain deck of summoning {drawn: 7}
 S - an ornate deck of summoning {drawn: 9}
Comestibles
 g - a meat ration
 H - 11 royal jellies


   Skills:
 - Level 5.1 Fighting
   Level 3.0 Short Blades
 + Level 9.2 Axes
 - Level 5.7(6.1) Slings
 - Level 2.0(3.2) Throwing
 - Level 7.0 Armour
 - Level 7.0 Dodging
 - Level 5.0 Stealth
 - Level 9.1 Shields
 - Level 10.0 Invocations
 - Level 2.0 Evocations


You had 11 spell levels left.
You didn't know any spells.

Dungeon Overview and Level Annotations

Branches:
Dungeon (11/15)            Temple (1/1) D:4            Lair (2/6) D:11
    Orc (0/2) D:11
  Swamp: Lair:2-4    Shoals: Lair:2-4     Snake: Lair:2-4    Spider: Lair:2-4

Altars:
Ashenzari
Cheibriados
Dithmenos
Elyvilon
Fedhas
Gozag
Hepliaklqana
Kikubaaqudgha
Makhleb
Nemelex Xobeh
Okawaru
Qazlal
Ru
Sif Muna
Trog
Uskayaw
Vehumet
Xom
Yredelemnul
Zin
The Shining One

Shops:
D:7 =   D:8 =   D:11 *%

Annotations:
D:10 2 runed doors IceCv exclusion: 2 ice statues


Innate Abilities, Weirdness & Mutations

You are small and have problems with some larger weapons.
You are somewhat resistant to further mutation.


Message History

Okay, then.
Evoke which item? (* to show all) (? for menu, Esc to quit)
You draw a card...
It is the Illusion.
Suddenly you stand beside yourself.
You are engulfed in freezing vapours.
You resist.
* * * LOW HITPOINT WARNING * * *
Your ice beast disappears in a puff of smoke!
Your raiju bites the ice beast!
The ice beast dies!
The ice beast barely misses you.
The ice beast hits your ice devil but does no damage.
The ice beast hits you.
* * * LOW HITPOINT WARNING * * *
The ice beast freezes you. You resist.
* * * LOW HITPOINT WARNING * * *
The ice beast barely misses you. The ice statue gestures at you.
The bolt of cold hits the ice beast.
The ice beast completely resists.
The bolt of cold hits you! You resist.
You die...
Your body glows with a rainbow of weird colours and disappears.

#######
##.....##
##...§...##
##.........##
#...........#
#..§..†.h...#
#....§YY§Y..##
#......Y@4§...#
#....8.§§8@...#
#......$......#
##....!.?....##
#...8.).8...#
##.../.?...##
###########


You could see 2 ice statues, 4 ice beasts, a friendly ice devil, a friendly
raiju and the friendly Rrauwl's illusion.

Vanquished Creatures
  Erica (D:8)
  2 two-headed ogres
  An unseen horror (D:11)
  Pikel (D:8)
  An ugly thing (IceCv)
  A manticore (D:10)
  2 centaur zombies
  2 rime drakes (Lair:2)
  Prince Ribbit (D:6)
  2 hippogriffs (D:10)
  The ghost of Jannitor the Conjurer, an amateur OpWz (D:5)
  2 wraiths (D:11)
  Grum (D:11)
  2 hungry ghosts
  Edmund (D:5)
  2 wargs (D:11)
  A water moccasin (D:8)
  2 orc warriors
  2 slaves (D:8)
  3 sky beasts
  A black bear (D:8)
  3 ice beasts
  9 ogres
  A phantom (D:11)
  4 wolves (D:11)
  A necrophage (D:11)
  5 centaurs
  Blork the orc (D:6)
  4 bullfrogs
  4 scorpions
  11 wights
  4 killer bees
  7 howler monkeys
  3 crimson imps
  A bullfrog zombie (D:6)
  A quasit (D:11)
  4 orc priests
  6 hounds
  6 jellies
  Crazy Yiuf (D:2)
  A bullfrog skeleton (D:5)
  13 orc wizards
  2 centaur skeletons
  An iguana (D:7)
  6 worker ants
  A hound skeleton (D:7)
  2 worker ant zombies
  12 adders
  4 gnolls
  3 shadow imps
  6 oozes
  2 adder skeletons
  4 worms
  3 dart slugs
  3 leopard geckos
  33 orcs
  6 giant cockroaches
  8 goblins
  12 hobgoblins
  3 jackals (D:5)
  5 quokkas
  3 bats
  4 frilled lizards
  2 jackal skeletons (D:7)
  6 kobolds
  2 leopard gecko skeletons
  2 rats
257 creatures vanquished.

Vanquished Creatures (collateral kills)
  Josephine (D:11)
  A two-headed ogre (D:11)
  Urug (D:11)
  2 ugly things
  A cyclops (D:11)
  3 wraiths (D:11)
  A warg (D:11)
  4 ice beasts (IceCv)
  An orc warrior (D:9)
  A scorpion (D:10)
  8 wights
  2 hounds (D:9)
  A gnoll shaman (D:7)
  A worker ant (D:9)
  4 gnolls (D:7)
  An orc (D:9)
33 creatures vanquished.

Vanquished Creatures (others)
  A slave (D:8)
  A plant (D:11)
2 creatures vanquished.

Grand Total: 292 creatures vanquished

Notes
Turn   | Place    | Note
-------+----------+-------------------------------------------
     0 | D:1      | Rrauwl the Halfling Assassin began the quest for the Orb.
     0 | D:1      | Reached XP level 1. HP: 14/14 MP: 1/1
   440 | D:1      | Reached XP level 2. HP: 19/19 MP: 2/2
   919 | D:2      | Reached XP level 3. HP: 23/24 MP: 3/3
  1257 | D:2      | Reached skill level 5 in Stealth
  1486 | D:2      | Found a runed door.
  1490 | D:2      | Noticed Crazy Yiuf
  1494 | D:2      | Killed Crazy Yiuf
  1494 | D:2      | Reached XP level 4. HP: 29/29 MP: 4/4
  1530 | D:2      | Reached skill level 1 in Slings
  1727 | D:2      | Reached XP level 5. HP: 34/34 MP: 5/5
  2428 | D:3      | Gained mutation: You have a pair of small antennae on your head. [potion of mutation]
  2428 | D:3      | Gained mutation: Armour fits poorly on your strangely shaped body. [potion of mutation]
  2429 | D:3      | Lost mutation: Armour fits poorly on your strangely shaped body. [potion of mutation]
  2429 | D:3      | Lost mutation: You have a pair of small antennae on your head. [potion of mutation]
  2429 | D:3      | Gained mutation: You have large cloven feet. [potion of mutation]
  2538 | D:3      | Reached skill level 1 in Axes
  2587 | D:4      | Noticed an ogre
  2689 | D:4      | Reached XP level 6. HP: 14/39 MP: 6/6
  2949 | D:4      | Reached skill level 1 in Shields
  2949 | D:4      | Reached skill level 1 in Evocations
  3033 | D:4      | Found a staircase to the Ecumenical Temple.
  3042 | Temple   | Entered the Ecumenical Temple
  3130 | Temple   | Became a worshipper of Nemelex Xobeh the Trickster
  3158 | D:4      | Killed an ogre
  3158 | D:4      | Reached skill level 1 in Invocations
  3158 | D:4      | Reached XP level 7. HP: 45/45 MP: 8/8
  3167 | D:4      | Reached skill level 2 in Invocations
  3222 | D:4      | Received a gift from Nemelex Xobeh
  3232 | D:4      | Reached skill level 3 in Invocations
  3306 | D:5      | Entered Level 5 of the Dungeon
  3345 | D:5      | Found a blossoming altar of Fedhas.
  3537 | D:5      | Noticed Edmund
  3561 | D:5      | Killed Edmund
  3561 | D:5      | Reached skill level 4 in Invocations
  3561 | D:5      | Reached XP level 8. HP: 49/50 MP: 9/11
  3564 | D:5      | Lost mutation: You have large cloven feet. [potion of mutation]
  3564 | D:5      | Gained mutation: You tend to lose your temper in combat. [potion of mutation]
  3564 | D:5      | Gained mutation: Your spells are a little harder to cast, but a little more powerful. [potion of mutation]
  3589 | D:5      | Reached skill level 5 in Invocations
  3775 | D:5      | Noticed Jannitor's ghost (amateur OpWz)
  3779 | D:5      | Killed Jannitor's ghost
  3779 | D:5      | Reached skill level 6 in Invocations
  3828 | D:5      | Reached skill level 7 in Invocations
  4170 | D:5      | Reached skill level 5 in Slings
  4605 | D:6      | Lost mutation: You tend to lose your temper in combat. [potion of mutation]
  4605 | D:6      | Lost mutation: Your spells are a little harder to cast, but a little more powerful. [potion of mutation]
  4676 | D:6      | Reached * piety under Nemelex Xobeh
  4784 | D:6      | Noticed Prince Ribbit
  4787 | D:6      | Killed Prince Ribbit
  4787 | D:6      | Reached skill level 5 in Axes
  4787 | D:6      | Reached XP level 9. HP: 54/54 MP: 14/14
  4931 | D:6      | Noticed Blork the orc
  4935 | D:6      | Killed Blork the orc
  5717 | D:6      | Received a gift from Nemelex Xobeh
  6095 | D:7      | Reached skill level 5 in Fighting
  6789 | D:7      | Found a runed door.
  6800 | D:7      | Found a basalt altar of Yredelemnul.
  6852 | D:7      | Found Hela Pass's Jewellery Emporium.
  6853 | D:7      | Noticed a two-headed ogre
  6866 | D:7      | Killed a two-headed ogre
  6866 | D:7      | Reached XP level 10. HP: 66/66 MP: 15/15
  7226 | D:8      | Reached ** piety under Nemelex Xobeh
  7237 | D:8      | Noticed Erica
  7254 | D:8      | Killed Erica
  7254 | D:8      | Reached skill level 8 in Invocations
  7606 | D:8      | Reached skill level 9 in Invocations
  7659 | D:8      | Received a gift from Nemelex Xobeh
  8117 | D:8      | Noticed Pikel
  8134 | D:8      | Killed Pikel
  8134 | D:8      | Reached skill level 5 in Dodging
  8334 | D:8      | Found Vafetoq's Jewellery Emporium.
  8357 | D:8      | Noticed a two-headed ogre
  8367 | D:8      | Killed a two-headed ogre
  8367 | D:8      | Reached skill level 5 in Shields
  8367 | D:8      | Reached XP level 11. HP: 59/71 MP: 17/17
  9454 | D:10     | Entered Level 10 of the Dungeon
  9644 | D:10     | Found a runed door.
  9645 | D:10     | Noticed a fire dragon
  9649 | D:10     | Noticed an ice dragon
  9649 | D:10     | Noticed a fire dragon
  9651 | D:10     | Noticed an ice dragon
  9652 | D:10     | Found a runed door.
  9771 | D:10     | Reached *** piety under Nemelex Xobeh
  9957 | D:10     | Noticed a manticore
  9969 | D:10     | Killed a manticore
 10269 | D:11     | Noticed Josephine
 10447 | D:11     | Noticed an unseen horror
 10474 | D:11     | Killed an unseen horror
 10580 | D:11     | Noticed Urug
 10727 | D:11     | Noticed Grum
 10733 | D:11     | Killed Grum
 11011 | D:11     | Killed Josephine
 11018 | D:11     | Reached XP level 12. HP: 31/77 MP: 19/19
 11228 | D:11     | Reached skill level 10 in Invocations
 11256 | D:11     | Received a gift from Nemelex Xobeh
 11301 | D:11     | Found Rysoo's Food Emporium.
 11332 | D:11     | Found Felor's Assorted Antiques.
 11340 | D:11     | Bought a scroll labeled NEILATZ VYGUCA for 26 gold pieces
 11365 | D:11     | Found a staircase to the Lair.
 11439 | D:11     | Found a staircase to the Orcish Mines.
 11657 | D:11     | Killed Urug
 11880 | D:11     | Noticed a two-headed ogre
 11887 | D:11     | Killed a two-headed ogre
 12226 | Lair:1   | Entered Level 1 of the Lair of Beasts
 12276 | Lair:1   | You fall through a shaft!
 12290 | Lair:2   | Found a frozen archway.
 12312 | IceCv    | Entered an ice cave
 12313 | IceCv    | Found a transporter.
 12348 | IceCv    | Got a crystal whip
 12349 | IceCv    | Identified the +11 whip of Untimely Demise {venom, rPois rF+ rN+} (You found it in an ice cave)
 12390 | IceCv    | HP: 2/77 [ice beast[an ice statue] (3)]
 12390 | IceCv    | Killed from afar by an ice statue

Skill      XL: |  1  2  3  4  5  6  7  8  9 10 11 12 |
---------------+-------------------------------------+-----
Fighting       | 2 5 |  5.1
Short Blades   | 3 |  3.0
Dodging        | 2 5 7 |  7.0
Stealth        | 5 |  5.0
Armour         | 2 7 |  7.0
Slings         | 2 4 5 |  5.7
Axes           | 2 3 5 6 9 |  9.2
Shields        | 2 5 9 |  9.1
Evocations     | 2 |  2.0
Invocations    | 1 4 7 9 10 | 10.0
Throwing       | |  2.0

Action                   |  1- 3 |  4- 6 |  7- 9 | 10-12 || total
-------------------------+-------+-------+-------+-------++-------
Melee: Dagger            |    58 |       |       |       ||    58
       Quarterstaff      |       |    73 |       |       ||    73
       War axe           |       |    52 |   273 |   738 ||  1063
       Kick              |       |    13 |    12 |       ||    25
       Whip              |       |       |       |    12 ||    12
 Fire: Hunting sling     |    35 |       |    46 |    47 ||   128
       Blowgun           |     8 |       |       |       ||     8
Invok: Triple Draw       |       |       |       |     1 ||     1
Evoke: Wand              |       |       |    15 |    16 ||    31
       Deck              |       |       |     3 |    23 ||    26
  Use: Scroll            |     3 |     8 |     8 |    10 ||    29
       Potion            |     4 |     7 |     4 |     8 ||    23
 Stab: Sleeping          |     8 |     6 |     3 |    10 ||    27
       Distracted        |     1 |       |       |     3 ||     4
  Eat: Chunk             |     2 |     5 |    10 |    16 ||    33
       Royal jelly       |       |       |     1 |     2 ||     3
       Fruit             |       |       |       |     3 ||     3
Armor: Robe              |     9 |    38 |       |       ||    47
       Scale mail        |       |     2 |    63 |    23 ||    88
       Ring mail         |       |       |       |   123 ||   123
Dodge: Dodged            |    29 |   121 |   190 |   663 ||  1003
Block: Buckler           |       |     3 |    85 |   266 ||   354
